 Dungeon Crawl Stone Soup version 0.31-a0-846-gb3bcc0d938 (webtiles) character file.

Game seed: 6501454815262554349

76 Dirtsage the Chopper (level 4, -1/38 (39) HPs)
             Began as a Hill Orc Fighter on Oct 3, 2023.
             Slain by a hobgoblin (5 damage)
             ... led by Robin
             ... on level 2 of the Dungeon.
             The game lasted 00:01:10 (798 turns).

Dirtsage the Chopper (Hill Orc Fighter)              Turns: 798, Time: 00:01:11

HP:   -1/38 (39)    AC:  6    Str: 20    XL:     4   Next: 32%
MP:   4/4           EV:  9    Int:  8    God:
Gold: 87            SH:  4    Dex: 10    Spells: 3/3 levels left

rFire   . . .        a - +0 war axe
rCold   . . .        c - +0 buckler
rNeg    + . .        b - +0 scale mail
rPois   .            (no helmet)
rElec   .            (no cloak)
rCorr   .            (no gloves)
SInv    .            (no boots)
Will    .....        (no amulet) Stlth
                     N - ring of positive energy
HPRegen 0.26/turn    (no ring)
MPRegen 0.09/turn

%: no passive effects
@: lightly drained
A: no striking features
a: no special abilities


You were on level 2 of the Dungeon.
You visited 1 branch of the dungeon, and saw 2 of its levels.

You collected 87 gold pieces.

Inventory:

Hand Weapons
 a - a +0 war axe (weapon)
Armour
 b - a +0 scale mail (worn)
 c - a +0 buckler (worn)
Magical Staves
 h - a staff of air
Jewellery
 N - a ring of positive energy (left hand)
Scrolls
 e - 2 scrolls of summoning {unknown}
 f - a scroll of teleportation {unknown}
 g - a scroll of identify {unknown}
 i - a scroll of fear {unknown}
 j - a scroll of enchant armour {unknown}
Potions
 d - 2 potions of might


   Skills:
 - Level 3.6 Fighting
 * Level 5.9 Axes
 - Level 3.2 Armour
 - Level 3.2 Shields


You had 3 spell levels left.
You didn't know any spells.
Your spell library was empty.

Dungeon Overview and Level Annotations

Branches:
Dungeon (2/15)

Altars:

Shops:
D:1 [

Annotations:
D:2 Robin


Message History

You take 12 damage, and have 14/39 hp.
MASSIVE DAMAGE!!
You hit Robin but do no damage.
Robin is lightly wounded.
You barely miss the goblin. You completely miss the hobgoblin.
You feel sick. The hobgoblin barely misses you.
The goblin hits you with a +0 club.
* * * LOW HITPOINT WARNING * * *
You block Robin's attack.
You take 3 damage, and have 11/39 hp.
You barely miss Robin.
Robin is lightly wounded.
You barely miss the goblin. You closely miss the hobgoblin.
You feel sick. You block the hobgoblin's attack. The goblin closely misses you.
Robin throws the goblin at you!
* * * LOW HITPOINT WARNING * * *
You take 3 damage, and have 8/39 hp.
You closely miss Robin.
Robin is lightly wounded.
You closely miss the goblin. You hit the hobgoblin.
You kill the hobgoblin!
You feel sick. The goblin hits you but does no damage.
Robin closely misses you.
You take 1 damage, and have 7/39 hp.
You hit Robin.
Robin is moderately wounded.
You slash the goblin!
You kill the goblin!
You barely miss the hobgoblin.
You feel sick.
You are no longer poisoned.
The hobgoblin closely misses you.
Robin hits you with a +2 short sword of draining.
* * * LOW HITPOINT WARNING * * *
You partially resist.
You feel drained.
You take 4 damage, and have 3/38 hp.
You hit Robin.
Robin is heavily wounded.
You hit the hobgoblin.
The hobgoblin hits you but does no damage.
Robin closely misses you. Robin hits you but does no damage.
You partially resist. The hobgoblin hits you.
You die...

# ####.##†#
##+### #.....#
......######.#
....... #.#
....... # #.#
.......###.#.#
........g...§#
......g###.#.#
#....g@)..#.#
#.###)###.#.#
.(. #.. ###.
#.# #. #.# #.
#.# #. ..


You could see Robin and a hobgoblin (strong).

Vanquished Creatures
  Jessica (D:2)
  A gnoll (D:1)
  2 endoplasms (D:1)
  A giant cockroach (D:1)
  7 hobgoblins
  2 jackals (D:1)
  2 quokkas (D:1)
  3 ball pythons
  3 bats (D:1)
  9 goblins
  4 rats
35 creatures vanquished.

Notes
Turn   | Place    | Note
-------+----------+-------------------------------------------
     0 | D:1      | Dirtsage the Hill Orc Fighter began the quest for the Orb.
     0 | D:1      | Reached XP level 1. HP: 19/19 MP: 1/1
    61 | D:1      | Reached skill level 3 in Axes
   127 | D:1      | Reached XP level 2. HP: 26/26 MP: 2/2
   156 | D:1      | Reached skill level 4 in Axes
   201 | D:1      | Found a faded altar of an unknown god.
   240 | D:1      | Reached XP level 3. HP: 5/31 MP: 3/3
   416 | D:1      | Found Fyunum's Antique Armour Boutique.
   734 | D:2      | Noticed Jessica
   737 | D:2      | Killed Jessica
   738 | D:2      | Reached skill level 5 in Axes
   738 | D:2      | Reached XP level 4. HP: 39/39 MP: 4/4
   783 | D:2      | Noticed Robin
   798 | D:2      | Slain by a hobgoblin

Illustrated notes

Levels and vault maps discovered:
D:1:      nzn_arrival_depleted_hourglass, layout_rooms,
          shapermc_ecumenical_altar_pompeii, serial_shops, shop,
          chequers_serial_rivers_small_b
D:2:      layout_basic, uniq_terence, uniq_jessica, uniq_robin

Skill      XL: |  1  2  3 |
---------------+----------+-----
Axes           | 3 4 5 |  5.9
Fighting       | |  3.6
Armour         | |  3.2
Shields        | |  3.2

Action                     |  1- 3 |  4- 6 || total
---------------------------+-------+-------++-------
  Melee: War axe           |    53 |    18 ||    71
 Armour: Scale mail        |    42 |    24 ||    66
  Dodge: Dodged            |    28 |    17 ||    45
  Block: Buckler           |     7 |     4 ||    11

Table legend: (Time is in decaauts)
 A = Elapsed time spent in this place.
 B = Non-inter-level travel time spent in this place.
 C = Inter-level travel time spent in this place.
 D = Time resting spent in this place.
 E = Time spent auto-exploring this place.
 F = Levels seen in this place.
 G = Mean time per level.
                   A        B        C        D        E       F      G
               +--------+--------+--------+--------+--------+-----+--------+
         Total |    820 |    793 |     27 |      0 |    621 |   2 |  410.0 |
       Dungeon |    820 |    793 |     27 |      0 |    621 |   2 |  410.0 |
               +--------+--------+--------+--------+--------+-----+--------+

Top non-repeatable levels by time:
     D:1: 724 daAuts
     D:2: 95 daAuts
